 Dungeon Crawl Stone Soup version 0.31-a0-542-gdc2a67831c (webtiles) character file.

Game seed: 14870914873550968909

3102 Pooter the Cleaver (level 9, -5/81 HPs)
             Began as a Minotaur Berserker on Aug 14, 2023.
             Was a Priest of Trog.
             Slain by an orc knight
             ... wielding a +0 halberd
              (10 damage)
             ... in a bailey.
             The game lasted 00:31:44 (6675 turns).

Pooter the Cleaver (Minotaur Berserker)             Turns: 6675, Time: 00:31:45

Health: -5/81      AC: 11    Str: 26      XL:     9   Next: 59%
Magic:  0/8        EV: 12    Int:  3 (4)  God:    Trog [***...]
Gold:   153        SH:  0    Dex: 18      Spells: 8/8 levels left

rFire   + . .        a - +2 battleaxe
rCold   . . .        (shield currently unavailable)
rNeg    . . .        x - +5 ring mail of the Slorg {Fly Dex+2}
rPois   +            (helmet restricted)
rElec   .            (no cloak)
rCorr   .            (no gloves)
SInv    .            y - +0 pair of boots
Will    ++...        G - amulet of guardian spirit
Stlth   +            z - +6 ring of dexterity
HPRegen 1.33/turn    F - ring of Surprise {rPois rF+ Slay+3}
MPRegen 0.11/turn

%: guardian spirit
@: strong-willed, on berserk cooldown, flying, regenerating, slowed, very slow
A: horns 2, retaliatory headbutt
a: Renounce Religion, Berserk, Trog's Hand


You were in a bailey.
You worshipped Trog.
Trog was most pleased with you.
You visited 1 branch of the dungeon, and saw 7 of its levels.
You also visited: Bailey.

You collected 225 gold pieces.
You spent 72 gold pieces at shops.

Inventory:

Hand Weapons
 a - a +2 battleaxe (weapon)
   (You took it off a wight on level 7 of the Dungeon)
 b - a +3 arbalest
   (You took it off an orc in a bailey)
 q - a +2 heavy hand axe
   (You took it off an orc on level 6 of the Dungeon)
 v - a +4 spear of venom
   (You found it on level 4 of the Dungeon)
 A - a +0 trident
   (You took it off an orc on level 4 of the Dungeon)
 B - a +0 morningstar
   (You found it on level 4 of the Dungeon)
 D - a +0 sling
   (You took it off a goblin on level 2 of the Dungeon)
Missiles
 c - 13 poisoned darts (quivered)
 k - 10 curare-tipped darts
 Q - 72 stones
Armour
 r - a +1 plate armour
   (You found it on level 3 of the Dungeon)
 x - the +5 ring mail of the Slorg (worn) {Fly Dex+2}
   (You found it on level 5 of the Dungeon)

   Dex+2:     It affects your dexterity (+2).
   Fly:       It grants you flight.
 y - a +0 pair of boots (worn)
   (You found it on level 1 of the Dungeon)
Jewellery
 z - a +6 ring of dexterity (left hand)
   (You found it on level 5 of the Dungeon)
 C - a ring of resist corrosion
   (You found it on level 5 of the Dungeon)
 F - the ring of Surprise (right hand) {rPois rF+ Slay+3}
   (You acquired it in a bailey)

   [ring of poison resistance]

   Slay+3:    It affects your accuracy & damage with ranged weapons and melee
   (+3).
   rF+:       It protects you from fire.
   rPois:     It protects you from poison
 G - an amulet of guardian spirit (around neck)
   (You found it on level 2 of the Dungeon)
Wands
 d - a wand of iceblast (10)
   (You bought it in a shop on level 5 of the Dungeon)
Scrolls
 f - 2 scrolls of revelation
 h - 3 scrolls of vulnerability {!r}
 o - 2 scrolls of silence
 u - a scroll of fear
Potions
 e - 2 potions of haste {unknown}
 i - a potion of magic {unknown}
 l - a potion of ambrosia {unknown}
 m - 3 potions of curing {@q1}
 p - a potion of enlightenment {unknown}
 s - a potion of resistance {unknown}


   Skills:
 + Level 8.1 Fighting
 * Level 10.8 Axes
 * Level 9.0 Ranged Weapons
 - Level 2.4 Armour
 - Level 2.1 Dodging
 - Level 1.5 Stealth


You had 8 spell levels left.
You didn't know any spells.
Your spell library was empty.

Dungeon Overview and Level Annotations

Branches:
Dungeon (7/15) Zot: 26761  Temple (0/1) D:5          Bailey (1/1) Zot: 5303

Altars:
Nemelex Xobeh
Xom

Shops:
D:5 *:


Innate Abilities, Weirdness & Mutations

You have a pair of horns on your head.
You reflexively headbutt those who attack you in melee.


Message History

The orc warrior hits you but does no damage.
The orc warrior closely misses you. The orc knight misses you.
You closely miss the orc warrior. You slash the orc warrior!
You kill the orc warrior!
Trog accepts your kill.
The orc warrior hits you but does no damage.
The orc knight closely misses you.
Your Fighting skill increases to level 8!
The orc warrior hits you with a +0 spear.
The orc knight barely misses you.
Things that are here:
a +0 trident; a +0 ring mail You closely miss the orc knight.
Your headbutt misses the orc knight. You closely miss the orc warrior.
You closely miss the orc knight. You hit the orc warrior.
You are no longer berserk.
You are exhausted.
You feel yourself slow down.
The orc warrior hits you with a +0 spear.
The orc knight hits you with a +0 halberd!!
* * * LOW MAGIC WARNING * * *
* * * LOW HITPOINT WARNING * * *
You slash the orc knight! Your headbutt misses the orc knight.
You slash the orc warrior!
You kill the orc warrior!
Trog accepts your kill. The orc knight completely misses you.
The orc knight hits you with a +0 halberd!
* * * LOW MAGIC WARNING * * *
* * * LOW HITPOINT WARNING * * *
You feel your intelligence returning.
Your Ranged Weapons skill increases to level 9!
You barely miss the orc knight. Your headbutt misses the orc knight.
The orc knight hits you with a +0 halberd!
* * * LOW MAGIC WARNING * * *
* * * LOW HITPOINT WARNING * * *
The orc knight closely misses you.
You slash the orc knight!
You headbutt the orc knight, but do no damage.
The orc knight hits you with a +0 halberd!
* * * LOW MAGIC WARNING * * *
* * * LOW HITPOINT WARNING * * *
You slice the orc knight!! You headbutt the orc knight.
The orc knight completely misses you.
The orc knight hits you with a +0 halberd.
* * * LOW MAGIC WARNING * * *
* * * LOW HITPOINT WARNING * * *
You barely miss the orc knight. The orc knight barely misses you.
The orc knight hits you with a +0 halberd!
You die...

..≈#..)).....................#≈..
..≈##.∩#≈...............≈#∩)##≈..
..≈≈#.##≈....#######....≈##)#≈≈..
...≈≈.≈≈≈....##....##...≈≈≈.≈≈...
.............##.....##...........
.............##'''#..##..........
.........##..##∩.∩##..#..........
.........##.####'####.##.........
.........##.'.#.@)#.'.##.........
.........##.###.8o###.##.........
.........##.')#|.)#.'.##.........
.........##.#########.##.........
..........#..##)#)##..#..........
..........##..#'#'#..##..........
,,,..,.....##.......##...........
,,,≈≈.~≈≈...#########...≈≈≈.≈≈...
..≈≈#.##≈......###......≈##.#≈≈..


You could see an orc knight.

Vanquished Creatures
  Pikel (D:6)
  A steam dragon (D:7)
  A water moccasin (D:6)
  8 orc warriors (Bailey)
  2 ogres
  3 phantoms
  2 bullfrogs
  A scorpion (D:6)
  5 wights (D:7)
  2 howler monkeys
  3 jellies
  An orc priest (D:6)
  A gnoll bouda (D:4)
  5 hounds
  A sleepcap (D:6)
  Natasha (twice) (D:3)
  3 orc wizards (D:5)
  An iguana (D:5)
  5 gnolls (D:4)
  8 adders
  2 shadow imps (D:5)
  3 white imps
  An ufetubus (D:6)
  2 worms
  3 dart slugs
  27 orcs
  A bat (D:3)
  7 endoplasms
  11 goblins
  11 hobgoblins
  2 jackals (D:2)
  6 kobolds
  2 quokkas
  4 ball pythons
  5 frilled lizards
  9 rats
152 creatures vanquished.

Vanquished Creatures (others)
  A lemure (D:6)
1 creature vanquished.

Grand Total: 153 creatures vanquished

Notes
Turn   | Place    | Note
-------+----------+-------------------------------------------
     0 | D:1      | Pooter the Minotaur Berserker began the quest for the Orb.
     0 | D:1      | Reached XP level 1. HP: 19/19 MP: 0/0
   115 | D:1      | Reached XP level 2. HP: 27/27 MP: 1/1
   120 | D:1      | Reached skill level 4 in Axes
   161 | D:1      | Reached skill level 1 in Stealth
   222 | D:1      | Found a faded altar of an unknown god.
   611 | D:1      | Reached ** piety under Trog
   669 | D:1      | Reached XP level 3. HP: 31/33 MP: 2/2
  1131 | D:2      | Reached skill level 1 in Ranged Weapons
  1414 | D:3      | Noticed Natasha
  1450 | D:3      | Killed Natasha
  1451 | D:3      | Reached XP level 4. HP: 32/40 MP: 3/3
  1870 | D:3      | Noticed Natasha
  1877 | D:3      | Killed Natasha
  1878 | D:3      | Reached skill level 5 in Axes
  2455 | D:4      | Reached XP level 5. HP: 44/47 MP: 4/4
  3081 | D:4      | Found a sparkling altar of Nemelex Xobeh.
  3094 | D:4      | Reached *** piety under Trog
  3095 | D:4      | Reached XP level 6. HP: 55/55 MP: 5/5
  3706 | D:5      | Entered Level 5 of the Dungeon
  3746 | D:5      | Reached skill level 5 in Fighting
  3746 | D:5      | Reached skill level 6 in Axes
  3763 | D:5      | Identified the +5 ring mail of the Slorg {Fly Dex+2}
  3877 | D:5      | Found Ynits's Elemental Accessories.
  3884 | D:5      | Bought a wand of iceblast (3) for 72 gold pieces
  3898 | D:5      | Found Zuim's Book Shoppe.
  4254 | D:5      | Reached XP level 7. HP: 61/61 MP: 6/6
  4313 | D:5      | Found a staircase to the Ecumenical Temple.
  4445 | D:5      | Reached skill level 7 in Axes
  4696 | D:6      | Reached skill level 5 in Ranged Weapons
  5351 | D:6      | Noticed Pikel
  5357 | D:6      | Killed Pikel
  5358 | D:6      | Reached skill level 8 in Axes
  5358 | D:6      | Reached XP level 8. HP: 71/71 MP: 7/7
  5365 | D:6      | Reached skill level 9 in Axes
  5420 | D:6      | Found a shimmering altar of Xom.
  5786 | D:7      | Upgraded the game from 0.31-a0-538-gbc85326fa9 to
                  | 0.31-a0-542-gdc2a67831c
  5820 | D:7      | Reached XP level 9. HP: 78/78 MP: 8/8
  5940 | D:7      | Reached skill level 10 in Axes
  5954 | D:7      | Found a flagged portal.
  6004 | Bailey   | Entered a bailey
  6652 | Bailey   | Noticed an orc knight
  6657 | Bailey   | Acquired the ring of Surprise {rPois rF+ Slay+3}
  6674 | Bailey   | HP: 2/81 [orc knight/+0 halberd (5)]
  6675 | Bailey   | Slain by an orc knight

Illustrated notes

Levels and vault maps discovered:
D:1:      eino_arrival_cavern_a, layout_loops_ring,
          hellmonk_ecumenical_altar_crossroads, st_stairs_1,
          nicolae_figureground_sparkle
D:2:      layout_basic, serial_rivers, chequers_serial_rivers_marsh,
          chequers_serial_rivers_small_b, chequers_serial_rivers_room_b,
          chequers_serial_rivers_micro_a, chequers_serial_rivers_micro_d,
          kennysheep_pointless_box
D:3:      layout_basic, st_stairs_13, minmay_cut_off, uniq_natasha
D:4:      layout_layer_cave, kennysheep_little_box,
          hangedman_abyss_or_decor_jellyfish_corner
D:5:      layout_loops_corners, minmay_temple_entry_junction_2, serial_shops,
          kennysheep_mini, nicolae_elemental_shop
D:6:      layout_basic, xom_confusion_cloud, serial_rivers,
          chequers_serial_rivers_small_3, chequers_serial_rivers_micro_d,
          chequers_serial_rivers_micro_c, chequers_serial_rivers_marsh,
          chequers_serial_rivers_micro_e, chequers_serial_rivers_micro_e,
          grunt_decor_arrowhead, uniq_pikel
D:7:      layout_gridville, enter_bailey_4
Bailey:   bailey_polearm_2, bailey

Skill      XL: |  1  2  3  4  5  6  7  8  9 |
---------------+----------------------------+-----
Axes           | 4 5 6 8 9 10 | 10.8
Stealth        | 1 |  1.5
Fighting       | 4 5 6 7 8 |  8.1
Ranged Weapons | 1 2 3 4 6 7 9 |  9.0
Armour         | |  2.4
Dodging        | |  2.1

Action                     |  1- 3 |  4- 6 |  7- 9 || total
---------------------------+-------+-------+-------++-------
  Melee: Hand axe          |    84 |    13 |    18 ||   115
         Headbutt          |    10 |    10 |    19 ||    39
         Morningstar       |       |    55 |    62 ||   117
         Spear             |       |     1 |       ||     1
         Punch             |       |     2 |     1 ||     3
         Battleaxe         |       |       |    29 ||    29
   Fire: Sling             |    27 |    66 |    59 ||   152
         Arbalest          |       |       |    22 ||    22
  Throw: Dart              |     3 |     9 |    10 ||    22
 Invoke: Berserk           |     1 |     1 |     6 ||     8
         Trog's Hand       |       |     2 |     6 ||     8
  Evoke: Wand              |       |     2 |       ||     2
    Use: Scroll            |       |     3 |    12 ||    15
         Potion            |       |       |     1 ||     1
 Armour: Animal skin       |    28 |       |       ||    28
         Chain mail        |     6 |     6 |       ||    12
         Plate armour      |       |    32 |       ||    32
         Ring mail         |       |     9 |    54 ||    63
  Dodge: Dodged            |    72 |    42 |   123 ||   237

Table legend: (Time is in decaauts)
 A = Elapsed time spent in this place.
 B = Non-inter-level travel time spent in this place.
 C = Inter-level travel time spent in this place.
 D = Time resting spent in this place.
 E = Time spent auto-exploring this place.
 F = Levels seen in this place.
 G = Mean time per level.
                   A        B        C        D        E       F      G
               +--------+--------+--------+--------+--------+-----+--------+
         Total |   6837 |   6695 |    142 |   1290 |   4030 |   8 |  854.6 |
       Dungeon |   6143 |   6001 |    142 |    825 |   4030 |   7 |  877.6 |
        Bailey |    694 |    694 |      0 |    465 |      0 |   1 |  694.0 |
               +--------+--------+--------+--------+--------+-----+--------+

Top non-repeatable levels by time:
     D:4: 1302 daAuts
     D:6: 1127 daAuts
     D:5: 983 daAuts
     D:3: 966 daAuts
     D:1: 782 daAuts
     D:2: 741 daAuts
  Bailey: 694 daAuts
     D:7: 238 daAuts
